 Dungeon Crawl Stone Soup version 0.31-a0-221-gbddc013574 (webtiles) character file.

Game seed: 1696759071984375138

148554 Iniera the Spry (level 17, -1/112 HPs)
             Began as a Tengu Monk on July 5, 2023.
             Was the Champion of Qazlal.
             Slain by a 12-headed hydra (3 damage)
             ... summoned by Bai Suzhen
             ... on level 3 of the Snake Pit.
             The game lasted 00:45:17 (28542 turns).

Iniera the Spry (Tengu Monk)                       Turns: 28542, Time: 00:45:18

Health: -1/112     AC: 16    Str: 13    XL:     17   Next: 49%
Magic:  28/28      EV: 28    Int: 10    God:    Qazlal [******]
Gold:   503        SH: 22    Dex: 24    Spells: 16/16 levels left

rFire   + . .        b - +1 long sword (flame)
rCold   + . .        L - +0 kite shield {rC+}
rNeg    . . .        U - +0 troll leather armour
rPois   .            (helmet restricted)
rElec   .            E - +1 cloak {Will+}
rCorr   .            M - +1 pair of gloves
SInv    .            (boots unavailable)
Will    ++...        s - amulet of faith
Stlth   +            F - ring of protection from fire
HPRegen 1.18/turn    V - +4 ring of protection
MPRegen 0.21/turn

%: repel missiles, faith
@: lethally poisoned (-1 -> -6), about to teleport, protected from physical
damage, flying quickly and evasively, quick
A: beak, talons 3, nimble flight
a: Renounce Religion, Upheaval, Elemental Force, Disaster Area


You were on level 3 of the Snake Pit.
You worshipped Qazlal.
Qazlal was exalted by your worship.
You visited 5 branches of the dungeon, and saw 26 of its levels.
You also visited: Gauntlet and Ice Cave.

You collected 3133 gold pieces.
You spent 2630 gold pieces at shops.

Inventory:

Hand Weapons
 a - a +10 long sword
 b - a +1 long sword of flaming (weapon)
 W - a +3 scimitar
Missiles
 v - 5 throwing nets
 z - 12 curare-tipped darts
Armour
 E - a +1 cloak of willpower (worn)
 L - a +0 kite shield of cold resistance (worn)
 M - a +1 pair of gloves (worn)
 U - a +0 troll leather armour (worn)
Jewellery
 s - an amulet of faith (around neck)
 u - a ring of willpower
 F - a ring of protection from fire (left hand)
 S - a ring of resist corrosion
 V - a +4 ring of protection (right hand)
Wands
 r - a wand of roots (18)
 x - a wand of light (4)
 y - a wand of charming (16)
 B - a wand of polymorph (14)
 C - a wand of digging (6)
 J - a wand of flame (36)
 O - a wand of mindburst (12)
Scrolls
 h - 8 scrolls of identify
 i - 11 scrolls of teleportation
 n - a scroll of fear
 t - 4 scrolls of enchant weapon
 w - 4 scrolls of immolation
 D - 6 scrolls of poison
 H - 2 scrolls of fog
 K - a scroll of amnesia
 P - 7 scrolls of blinking
 R - 5 scrolls of revelation
Potions
 c - 3 potions of ambrosia
 e - 2 potions of enlightenment
 f - 4 potions of lignification
 g - 3 potions of might
 k - 3 potions of curing
 l - 2 potions of cancellation
 m - 5 potions of resistance
 o - 2 potions of invisibility
 p - 2 potions of mutation
 A - 6 potions of haste
 G - a potion of heal wounds
 I - 4 potions of attraction
 N - a potion of brilliance
 Q - a potion of magic
Miscellaneous
 d - a phantom mirror (inert)
 j - a tin of tremorstones (2/2)
 q - a phial of floods
 X - a lightning rod (4/4)


   Skills:
 + Level 14.3 Fighting
 - Level 9.5(11.8) Short Blades
 + Level 11.3(12.7) Long Blades
 - Level 3.0 Throwing
 - Level 6.5 Armour
 - Level 15.0 Dodging
 - Level 4.1 Stealth
 + Level 11.5 Shields
 * Level 14.3 Invocations
 + Level 5.0 Evocations


You had 16 spell levels left.
You didn't know any spells.
Your spell library contained the following spells:

 Spells                   Type           Power      Damage    Failure   Level
 Apportation              Tloc           0%         N/A       71%         1
 Necrotise                Necr           0%         1d4       71%         1
 Slow                     Hex            0%         N/A       71%         1
 Ensorcelled Hibernation  Hex/Ice        0%         N/A       85%         2
 Passwall                 Tmut/Erth      0%         N/A       85%         2
 Poisonous Vapours        Pois/Air       0%         N/A       85%         2
 Scorch                   Fire           0%         2d5       85%         2
 Sublimation of Blood     Necr           0%         N/A       85%         2
 Wereblood                Tmut           0%         N/A       85%         2
 Confusing Touch          Hex            0%         N/A       97%         3
 Dazzling Flash           Conj/Hex       0%         N/A       97%         3
 Frozen Ramparts          Ice            0%         1d1       97%         3
 Hailstorm                Conj/Ice       0%         3d3       97%         3
 Inner Flame              Hex/Fire       0%         N/A       97%         3
 Mephitic Cloud           Conj/Pois/Air  0%         N/A       97%         3
 Ozocubu's Armour         Ice            0%         N/A       97%         3
 Portal Projectile        Hex/Tloc       0%         N/A       97%         3
 Swiftness                Air            0%         N/A       97%         3
 Tukima's Dance           Hex            0%         N/A       97%         3
 Vampiric Draining        Necr           0%         2d6       97%         3
 Volatile Blastmotes      Fire/Tloc      0%         2d10      97%         3
 Flame Wave               Conj/Fire      0%         2d4       100%        4
 Ice Form                 Ice/Tmut       0%         N/A       100%        4
 Iskenderun's Mystic Bla  Conj/Tloc      0%         2d3       100%        4
 Leda's Liquefaction      Hex/Erth       0%         N/A       100%        4
 Sticky Flame             Conj/Fire      0%         2d3       100%        4
 Summon Ice Beast         Ice/Summ       0%         N/A       100%        4
 Alistair's Intoxication  Tmut/Pois      0%         N/A       100%        5
 Blade Hands              Tmut           0%         N/A       100%        5
 Freezing Cloud           Conj/Ice/Air   0%         6-21      100%        5
 Irradiate                Conj/Tmut      0%         3d11      100%        5
 Lee's Rapid Deconstruct  Erth           0%         3d4*      100%        5
 Metabolic Englaciation   Hex/Ice        0%         N/A       100%        5
 Summon Forest            Summ/Tloc      0%         N/A       100%        5
 Summon Mana Viper        Hex/Summ       0%         N/A       100%        5
 Eringya's Noxious Bog    Tmut/Pois      0%         N/A       100%        6
 Leda's Unmaking          Conj/Erth      0%         9d1       100%        6
 Simulacrum               Ice/Necr       0%         N/A       100%        6
 Starburst                Conj/Fire      0%         6d3       100%        6
 Statue Form              Tmut/Erth      0%         N/A       100%        6
 Summon Cactus Giant      Summ           0%         N/A       100%        6
 Dragon Form              Tmut           0%         N/A       100%        7
 Monstrous Menagerie      Summ           0%         N/A       100%        7
 Ozocubu's Refrigeration  Ice            0%         4d7       100%        7
 Summon Hydra             Summ           0%         N/A       100%        7


Dungeon Overview and Level Annotations

Branches:
Dungeon (15/15)            Temple (1/1) D:7            Lair (5/5) D:11
 Shoals (0/4) Lair:2        Snake (3/4) Lair:2        Slime (0/5) Lair:5
    Orc (2/2) D:9             Elf (0/3) Orc:2        Vaults (0/5) D:13
 Depths (0/4) D:15          IceCv (visited)         Gauntlet (visited)

Altars:
Ashenzari
Cheibriados
Dithmenos
Elyvilon
Fedhas
Gozag
Hepliaklqana
Kikubaaqudgha
Makhleb
Nemelex Xobeh
Okawaru
Qazlal
Ru
Sif Muna
Trog
Uskayaw
Vehumet
Wu Jian
Xom
Yredelemnul
Zin
The Shining One
Jiyva

Shops:
D:12 *?[*   Orc:1 !   Orc:2 *=*(

Portals:
Pandemonium: Orc:2

Annotations:
D:12 3 transporters
Snake:3 Aizul, Bai Suzhen


Innate Abilities, Weirdness & Mutations

You have a beak for a mouth.
You have claws for feet.
Your magical nature lets you fly swiftly and evasively.


Message History

The eight-headed hydra completely misses you. x3
Bai Suzhen hits you with a +0 quarterstaff.
You feel more protected from physical attacks.
Bai Suzhen tail-slaps you but does no damage.
Aizul hits you!
You feel more protected from physical attacks.
Aizul is engulfed in blazing flames.
Aizul hits Aizul.
Unknown command.
You feel very sick.
Aizul hits Aizul.
You feel very sick.
The eight-headed hydra disappears in a puff of smoke!
Aizul closely misses Aizul.
Bai Suzhen roars!
A 12-headed hydra appears.
Aizul attacks as you move away! You block Aizul's attack.
You feel sick.
Aizul is engulfed in freezing vapours.
Aizul casts a spell at Aizul.
The bolt of poison hits Aizul.
You block Aizul's attack. Aizul attacks as you move away!
You block Aizul's attack.
You feel sick.
The 12-headed hydra is engulfed in blazing flames.
Aizul attacks as you move away! Aizul hits you but does no damage.
You feel sick.
Aizul is engulfed in freezing vapours.
Aizul coils herself and waves her upper body at you.
The bolt of poison hits you!!
You are more poisoned.
* * * LOW HITPOINT WARNING * * *
Aizul casts a spell at Aizul.
The poison arrow hits Aizul!
Aizul partially resists.
Aizul is poisoned.
As you read the scroll of teleportation, it crumbles to dust.
You feel strangely unstable.
* * * LOW HITPOINT WARNING * * *
You feel very sick.
Aizul shimmers and vanishes!
Aizul is engulfed in freezing vapours.
You block the 12-headed hydra's attack.
The 12-headed hydra completely misses you.
You block the 12-headed hydra's attack.
The 12-headed hydra bites you but does no damage.
The 12-headed hydra bites you.
You die...

........
.....#
#))'#
++####..)##
......○°N.#
.......○.§#
...###.§°d#
.# #☼.DS#
#§.@.#
#....#
#..§☼#
#....#
#....#
#....#
#....#
#....#
#....#


You could see Bai Suzhen, Aizul (very poisoned), a 12-headed hydra (summoned)
and a naga.

Vanquished Creatures
  Rupert (Lair:4)
  A nagaraja (Snake:3)
  The ghost of AwFulAwFulPlayer the Bludgeoner, a journeyman TrAr of Wu Jian (Lair:5)
  The ghost of Midn8 the Dancer, a journeyman DsRe of Uskayaw (Lair:5)
  A minotaur (Gauntlet)
  The ghost of Ehotes the Thaumaturge, a journeyman SpEn of Dithmenos (Lair:5)
  5 hydras
  Fannar (Orc:1)
  A rakshasa (D:14)
  3 catoblepae (Lair:5)
  2 demonspawn (Orc:2)
  6 boulder beetles
  2 centaur warriors (D:13)
  7 anacondas
  2 dancing weapons (D:13)
  7 naga warriors
  7 death yaks
  8 tengu warriors
  5 two-headed ogres
  7 orc high priests (Orc:2)
  5 naga sharpshooters
  A shock serpent (Snake:1)
  A soul eater (Orc:1)
  Sonja (D:13)
  3 skysharks
  3 skeletal warriors (D:15)
  Amaemon (D:9)
  Lodul (D:10)
  2 naga ritualists (Snake:2)
  2 bog bodies (IceCv)
  A lindwurm (Lair:5)
  Pikel (D:5)
  A necromancer (D:15)
  A deep elf zephyrmancer (D:15)
  3 oklob plants
  4 mana vipers
  17 ugly things
  5 cyclopes
  4 orc knights
  4 orc sorcerers (Orc:2)
  4 manticores
  4 elephants
  3 salamanders
  Maurice (D:9)
  A guardian serpent (Snake:2)
  A merfolk siren (Lair:2)
  23 black mambas
  A torpor snail (Lair:5)
  An ice statue (IceCv)
  7 naga magi
  15 cane toads
  3 centaur skeletons (D:15)
  2 orange demons
  2 kobold demonologists (D:10)
  An anaconda simulacrum (IceCv)
  3 rime drakes
  2 tengu conjurers (D:14)
  6 komodo dragons
  4 freezing wraiths
  3 trolls
  A queen bee (D:10)
  A harpy zombie (D:15)
  A polar bear (Lair:3)
  2 hornets
  A hornet (shapeshifter) (D:15)
  A blink frog (shapeshifter) (D:14)
  A dream sheep (Lair:2)
  14 blink frogs
  Sigmund (D:5)
  5 centaur simulacra
  25 slime creatures
  A ynoxinul (Orc:2)
  2 shadows
  3 hogs (Lair:3)
  A vampire (D:9)
  99 yaks
  3 dire elephant simulacra (IceCv)
  A water elemental (D:13)
  A wraith (D:12)
  9 basilisks
  4 wyverns
  2 steam dragons
  2 wargs
  7 vampire mosquitoes
  4 death yak simulacra (IceCv)
  26 nagas
  A harpy simulacrum (IceCv)
  2 acid dragons
  A hydra simulacrum (Gauntlet)
  12 water moccasins
  25 orc warriors
  3 meliai simulacra
  2 ice beasts
  16 ogres
  4 black bears
  11 centaurs
  6 kobold brigands
  15 bullfrogs
  A scorpion (shapeshifter) (D:15)
  2 gnoll sergeants
  2 cane toad simulacra
  7 two-headed ogre simulacra (IceCv)
  2 hornet simulacra
  3 elephant simulacra (IceCv)
  23 killer bees
  3 electric eels
  5 hounds
  4 gnoll boudas
  2 jellies
  28 orc priests
  A wyvern simulacrum (Gauntlet)
  3 sleepcaps
  3 iguanas
  19 orc wizards
  3 troll simulacra (IceCv)
  7 hell rats (Lair:1)
  A polar bear simulacrum (IceCv)
  8 spriggan simulacra (IceCv)
  A wolf simulacrum (IceCv)
  21 gnolls
  5 naga simulacra (IceCv)
  2 orc zombies (D:5)
  9 adders
  2 shadow imps (D:7)
  18 white imps
  7 ufetubi
  9 dart slugs
  57 orcs
  8 endoplasms
  7 hobgoblins
  6 jackals (D:2)
  11 kobolds
  2 quokkas
  12 ball pythons
  5 bats
  6 frilled lizards
  5 goblins
  8 rats
  A spectral weapon (D:12)
862 creatures vanquished.

Vanquished Creatures (collateral kills)
  Jorgrun (D:12)
  Kirke (Lair:3)
  The ghost of pokeman the Eclecticist, a journeyman DEHW of Vehumet (Lair:5)
  An anaconda (Snake:2)
  A naga warrior (Snake:2)
  2 ugly things (D:15)
  A manticore (D:15)
  2 black mambas
  A naga mage (Snake:2)
  A cane toad (Lair:4)
  A komodo dragon (Lair:5)
  A wyvern (Lair:5)
  10 yaks (Lair:5)
  A hog (Lair:3)
  A warg (Orc:2)
  A water moccasin (Lair:5)
  An orc warrior (Orc:2)
  2 bullfrogs (Lair:4)
  2 orcs (Orc:2)
  A butterfly (D:3)
33 creatures vanquished.

Vanquished Creatures (others)
  Harold (Lair:2)
  An orc wizard (D:12)
  An orc (D:9)
  8 spectral weapons
11 creatures vanquished.

Grand Total: 906 creatures vanquished

Notes
Turn   | Place    | Note
-------+----------+-------------------------------------------
     0 | D:1      | Iniera the Tengu Monk began the quest for the Orb.
     0 | D:1      | Reached XP level 1. HP: 14/14 MP: 2/2
   106 | D:1      | Reached XP level 2. HP: 19/19 MP: 3/3
   459 | D:1      | Reached XP level 3. HP: 23/23 MP: 4/4
  1013 | D:2      | Reached skill level 4 in Dodging
  1174 | D:2      | Reached XP level 4. HP: 28/28 MP: 5/5
  1409 | D:3      | You fall into a shaft and drop 3 floors!
  1410 | D:6      | Noticed a bullfrog
  1415 | D:6      | Noticed an ice beast
  1416 | D:6      | Killed a bullfrog
  1417 | D:6      | Reached skill level 1 in Short Blades
  1417 | D:6      | Gained mutation: Your magical nature lets you fly swiftly
                  | and evasively. [Tengu growth]
  1417 | D:6      | Reached XP level 5. HP: 21/32 MP: 6/6
  1424 | D:6      | Killed an ice beast
  1425 | D:6      | Reached skill level 5 in Dodging
  1514 | D:6      | Noticed a black bear
  1528 | D:6      | Killed a black bear
  1529 | D:6      | Reached XP level 6. HP: 38/38 MP: 7/7
  1540 | D:6      | Noticed a black bear
  1548 | D:6      | Killed a black bear
  1549 | D:6      | Reached skill level 6 in Dodging
  1851 | D:6      | Reached XP level 7. HP: 43/43 MP: 8/8
  1892 | D:6      | Reached skill level 1 in Armour
  1895 | D:5      | Entered Level 5 of the Dungeon
  2174 | D:3      | Found a glowing golden altar of the Shining One.
  2274 | D:3      | Found a shimmering altar of Xom.
  2459 | D:3      | Found a shadowy altar of Dithmenos.
  2714 | D:4      | Noticed a steam dragon
  2729 | D:4      | Reached skill level 7 in Dodging
  2799 | D:4      | Killed a steam dragon
  2800 | D:4      | Reached XP level 8. HP: 43/48 MP: 9/9
  2977 | D:4      | Found a sacrificial altar of Ru.
  3140 | D:4      | Reached skill level 5 in Fighting
  3240 | D:5      | Noticed Pikel
  3255 | D:5      | Killed Pikel
  3256 | D:5      | Reached skill level 1 in Invocations
  3355 | D:5      | Reached skill level 5 in Short Blades
  3355 | D:5      | Reached skill level 8 in Dodging
  3393 | D:5      | Noticed Sigmund
  3394 | D:5      | Found a blossoming altar of Fedhas.
  3400 | D:5      | Killed Sigmund
  3401 | D:5      | Reached XP level 9. HP: 52/55 MP: 11/11
  3629 | D:5      | Found a transporter.
  3643 | D:5      | Found a transporter.
  3887 | D:5      | Noticed a two-headed ogre
  3898 | D:5      | Killed a two-headed ogre
  4071 | D:5      | Found an opulent altar of Gozag.
  4174 | D:5      | Reached skill level 9 in Dodging
  4198 | D:6      | Reached XP level 10. HP: 52/63 MP: 14/14
  4663 | D:6      | Found a radiant altar of Vehumet.
  4669 | D:6      | Found a shimmering blue altar of Sif Muna.
  4670 | D:6      | Found an ancient bone altar of Kikubaaqudgha.
  4673 | D:6      | Got Kikubaaqudgha's Tome of Spectres
  4915 | D:7      | Found a staircase to the Ecumenical Temple.
  4923 | Temple   | Entered the Ecumenical Temple
  4938 | Temple   | Became a worshipper of Qazlal Stormbringer
  4938 | Temple   | Reached * piety under Qazlal
  4938 | Temple   | Reached ** piety under Qazlal
  5464 | D:7      | Found a bloodstained altar of Trog.
  5623 | D:8      | Found a white marble altar of Elyvilon.
  5725 | D:8      | Reached skill level 5 in Invocations
  6015 | D:8      | Noticed a two-headed ogre
  6021 | D:8      | Killed a two-headed ogre
  6022 | D:8      | Reached skill level 10 in Dodging
  6028 | D:8      | Identified the +3 mace "Ummoroxi" {venom, Dex+3}
  6625 | D:9      | Reached skill level 1 in Throwing
  6629 | D:9      | Reached *** piety under Qazlal
  6630 | D:9      | Reached skill level 1 in Evocations
  6670 | D:9      | Found a snail-covered altar of Cheibriados.
  6733 | D:9      | Found an ornate altar of the Wu Jian Council.
  6749 | D:9      | Noticed Maurice
  6755 | D:9      | Reached XP level 11. HP: 68/68 MP: 16/16
  6774 | D:9      | Killed Maurice
  7050 | D:9      | Found a staircase to the Orcish Mines.
  7257 | D:9      | Found a glowing silver altar of Zin.
  7258 | D:9      | Noticed Amaemon
  7283 | D:9      | Killed Amaemon
  7284 | D:9      | Reached skill level 1 in Shields
  7560 | D:10     | Entered Level 10 of the Dungeon
  7570 | D:10     | Noticed a two-headed ogre
  7578 | D:10     | Killed a two-headed ogre
  7666 | D:10     | Noticed Lodul
  7689 | D:10     | Killed Lodul
  8106 | D:10     | Reached **** piety under Qazlal
  8583 | D:10     | Noticed a sixfirhy
  8587 | D:10     | Reached XP level 12. HP: 48/76 MP: 18/18
  8803 | D:11     | Found a staircase to the Lair.
  8867 | D:11     | Noticed a two-headed ogre
  8874 | D:11     | Killed a two-headed ogre
  8887 | D:11     | Found a frozen archway.
  8923 | IceCv    | Entered an ice cave
  9112 | IceCv    | Reached ***** piety under Qazlal
  9285 | IceCv    | Reached skill level 11 in Dodging
  9567 | IceCv    | Reached skill level 1 in Stealth
  9905 | IceCv    | Reached skill level 5 in Armour
 10265 | D:11     | Noticed a two-headed ogre
 10268 | D:11     | Noticed a boulder beetle
 10269 | D:11     | Killed a two-headed ogre
 10460 | D:11     | Killed a boulder beetle
 10461 | D:11     | Reached skill level 10 in Fighting
 10461 | D:11     | Reached skill level 5 in Shields
 11515 | D:12     | Found a transporter.
 11518 | D:12     | Found a transporter.
 11577 | D:12     | Noticed a boulder beetle
 11599 | D:12     | Found a transporter.
 11599 | D:12     | Found a transporter.
 11634 | D:12     | Killed a boulder beetle
 11734 | D:12     | Found a transporter.
 11736 | D:12     | Found a transporter.
 11787 | D:12     | Found Unamm's Assorted Antiques.
 11794 | D:12     | Bought a pair of runed gloves for 232 gold pieces
 11821 | D:12     | Found Honeiloi's Armour Boutique.
 11934 | D:12     | Reached XP level 13. HP: 82/82 MP: 20/20
 12351 | D:12     | Found Innoph's Magic Scroll Shop.
 12354 | D:12     | Bought 2 scrolls of blinking for 225 gold pieces
 12354 | D:12     | Bought a scroll of enchant weapon for 112 gold pieces
 12354 | D:12     | Bought a scroll of identify for 30 gold pieces
 12354 | D:12     | Bought a scroll of summoning for 142 gold pieces
 12354 | D:12     | Bought a scroll of teleportation for 45 gold pieces
 12354 | D:12     | Bought a scroll of revelation for 112 gold pieces
 12373 | D:12     | Found Xooror's Assorted Antiques.
 12408 | D:12     | Bought a dented silver amulet for 130 gold pieces
 12663 | D:12     | Noticed Jorgrun
 12682 | D:12     | Killed Jorgrun
 12683 | D:12     | Reached skill level 12 in Dodging
 13601 | D:13     | Found a gate to the Vaults.
 13723 | Lair:1   | Entered Level 1 of the Lair of Beasts
 14716 | Lair:2   | Reached skill level 5 in Long Blades
 14870 | Lair:2   | Noticed Harold
 14880 | Lair:2   | Your ally Harold died
 14881 | Lair:2   | Reached XP level 14. HP: 84/90 MP: 22/22
 14893 | Lair:2   | Reached skill level 10 in Invocations
 15171 | Lair:2   | Found a staircase to the Shoals.
 15270 | Lair:2   | Found a staircase to the Snake Pit.
 16100 | Lair:3   | Noticed Kirke
 16128 | Lair:3   | Killed Kirke
 17671 | Lair:4   | Noticed Rupert
 17673 | Lair:4   | Paralysed by Rupert for 3 turns
 17685 | Lair:4   | Killed Rupert
 18327 | Lair:4   | You are sucked into a shaft and drop 1 floor!
 18327 | Lair:5   | Entered Level 5 of the Lair of Beasts
 18343 | Lair:5   | Reached XP level 15. HP: 73/96 MP: 18/24
 18627 | Lair:5   | Found a staircase to the Slime Pits.
 18628 | Lair:5   | Found a viscous altar of Jiyva.
 18776 | Lair:5   | Found a runed translucent gate.
 18776 | Lair:5   | Found a runed translucent gate.
 18776 | Lair:5   | Found a runed translucent gate.
 18777 | Lair:5   | Noticed Ehotes's ghost (journeyman SpEn)
 18778 | Lair:5   | Noticed pokeman's ghost (journeyman DEHW)
 18779 | Lair:5   | Noticed AwFulAwFulPlayer's ghost (journeyman TrAr)
 18779 | Lair:5   | Noticed Midn8's ghost (journeyman DsRe)
 18936 | Lair:5   | Reached ****** piety under Qazlal
 20469 | Lair:5   | Killed pokeman's ghost
 20485 | Lair:5   | Killed Ehotes's ghost
 20492 | Lair:5   | Killed Midn8's ghost
 20512 | Lair:5   | Killed AwFulAwFulPlayer's ghost
 21447 | Orc:1    | Entered Level 1 of the Orcish Mines
 21451 | Orc:1    | Found Aroedgh's Distillery.
 21460 | Orc:1    | Bought a potion of magic for 112 gold pieces
 21460 | Orc:1    | Bought 3 potions of haste for 420 gold pieces
 21460 | Orc:1    | Bought a potion of curing for 42 gold pieces
 21460 | Orc:1    | Bought a potion of berserk rage for 70 gold pieces
 21460 | Orc:1    | Bought a potion of might for 56 gold pieces
 21613 | Orc:1    | Noticed Fannar
 21626 | Orc:1    | Killed Fannar
 21977 | Orc:2    | Entered Level 2 of the Orcish Mines
 22367 | Orc:2    | Found a staircase to the Elven Halls.
 22641 | Orc:2    | Reached skill level 10 in Shields
 22661 | Orc:2    | Found Titi's General Store.
 22663 | Orc:2    | Found Kubonai's General Store.
 22777 | Orc:2    | Bought a scroll of blinking for 127 gold pieces
 22779 | Orc:2    | Bought a +0 scimitar for 40 gold pieces
 22838 | Orc:2    | Reached skill level 13 in Dodging
 23059 | Orc:2    | Reached XP level 16. HP: 104/104 MP: 26/26
 23176 | Orc:2    | Found Emnioq's Jewellery Shop.
 23176 | Orc:2    | Found Ywnoerry's Antique Weapon Boutique.
 23177 | Orc:2    | Found a one-way gate leading to the halls of Pandemonium.
 23187 | Orc:2    | Bought a +4 ring of protection for 504 gold pieces
 23202 | Orc:2    | Bought a glowing scimitar for 231 gold pieces
 23685 | D:13     | Noticed Sonja
 23692 | D:13     | Killed Sonja
 24196 | D:14     | Found a gate leading to a gauntlet.
 24227 | Gauntlet | Entered a Gauntlet
 24227 | Gauntlet | Found a transporter.
 24227 | Gauntlet | Found a transporter.
 24238 | Gauntlet | Found a runed translucent door.
 24243 | Gauntlet | Found a transporter.
 24246 | Gauntlet | Found a transporter.
 24254 | Gauntlet | Found a transporter.
 24258 | Gauntlet | Found a transporter.
 24266 | Gauntlet | Found a transporter.
 24286 | Gauntlet | Found a transporter.
 24303 | Gauntlet | Found a transporter.
 24307 | Gauntlet | Found a transporter.
 24315 | Gauntlet | Found a transporter.
 24319 | Gauntlet | Found a transporter.
 24493 | Gauntlet | Identified the staff "Supufiwu" {*Corrode rElec rPois rF+
                  | Fire}
 24812 | D:14     | Reached skill level 14 in Dodging
 24832 | D:14     | Reached skill level 10 in Long Blades
 25129 | D:15     | Entered Level 15 of the Dungeon
 25138 | D:15     | Paralysed by a hornet for 2 turns
 25560 | D:15     | Found a broken altar of Ashenzari.
 25849 | D:15     | Identified the +0 ring mail "Xixzakumm" {rCorr SInv Stlth-}
 25857 | D:15     | Found a staircase to the Depths.
 26090 | Snake:1  | Entered Level 1 of the Snake Pit
 26458 | Snake:1  | Reached XP level 17. HP: 110/110 MP: 28/28
 26525 | Snake:1  | Found a shimmering blue altar of Sif Muna.
 26541 | Snake:1  | Identified the +9 plate armour "Inutsauxo" {Will+++ Int+3
                  | Stlth-}
 26558 | Snake:1  | Reached skill level 15 in Dodging
 27446 | Snake:2  | Found an ancient bone altar of Kikubaaqudgha.
 28164 | Snake:3  | Found a blossoming altar of Fedhas.
 28493 | Snake:3  | Reached skill level 5 in Evocations
 28520 | Snake:3  | Noticed Bai Suzhen
 28526 | Snake:3  | Noticed Aizul
 28541 | Snake:3  | HP: 5/112 [Aizul/bolt of poison (30)]
 28542 | Snake:3  | HP: 2/112 [poisoned by Aizul (bolt of poison)]
 28542 | Snake:3  | Slain by a 12-headed hydra

Illustrated notes

Levels and vault maps discovered:
D:1:      dpeg_arrival_another_circle, layout_loops_ring, serial_bayou_crossing
D:2:      layout_basic, hangedman_feature_mirror, minmay_heptomino_w4
D:3:      layout_loops_cross, mainiacjoe_overflow_catwalk,
          mainiacjoe_overflow_brackets, xom_butterflies
D:4:      layout_rooms, hangedman_ru_absence,
          hangedman_abyss_or_decor_lesser_grid, minmay_small_thing
D:5:      gammafunk_cloud_chamber, layout_loops_cross, kennysheep_mini,
          old_standard_altar, uniq_pikel, uniq_sigmund
D:6:      layout_basic, grunt_temple_overflow_magic_moments
D:7:      layout_basic, nicolae_overflow_hidden_temple,
          minmay_temple_entry_slanted, serial_aquarium, aquarium_bridge_square
          [aquarium_subvault_balcony, aquarium_subvault_bridge,
          aquarium_subvault_bridge, aquarium_subvault_bridge],
          aquarium_window_fake, aquarium_window_2, aquarium_view_2c,
          aquarium_view_2e, grunt_ministairs_1
D:8:      layout_gridville, elyvilon_altar_4
D:9:      layout_roguey, nicolae_wu_jian_wuxing_cycle, zin_scriptorium,
          kennysheep_slug_shrine, hiddenorc1_lemuel, uniq_amaemon, uniq_maurice
D:10:     layout_cave_pods, nicolae_looking_at_the_future, uniq_lodul
D:11:     layout_basic, dpeg_oklobed_lair, portal_ice_cave_entry_imps
D:12:     kennysheep_seaside_town, layout_stronghold, serial_shops,
          nicolae_shop_waterfront, nicolae_square_shop, nicolae_shop_rolled_up,
          nicolae_shop_peninsula, minivault_20, serial_nicolae_subway,
          nicolae_sub_station_metal, nicolae_sub_station_stone,
          nicolae_sub_station_crystal, uniq_jorgrun
D:13:     layout_basic, erik_vaults_1, uniq_sonja
D:14:     layout_roguey, gauntlet_entry_generic
D:15:     grunt_enter_depths_magical_seal, layout_rooms,
          cheibrodos_ashenzari_chains
Temple:   hellmonk_temple_two_chambers
Lair:1:   layout_gridlike, chequers_serial_rivers_room_a
Lair:2:   layout_gridlike, minmay_shoals_entry_lonely_mermaid,
          nicolae_snake_entry_squirm, hangedman_lair_generics_rect,
          grunt_megastairs_3, serial_bayou_shore_b, uniq_harold
Lair:3:   layout_cave_pods, uniq_kirke
Lair:4:   layout_hall_layers, minmay_shattered_shrine, uniq_rupert
Lair:5:   evilmike_catoblepas_cave, layout_layer_cave,
          minmay_slime_entry_oklob_open, gammafunk_ghost_cemetery,
          chequers_serial_rivers_micro_d, serial_bayou_shore_b
Snake:1:  layout_chambers, basic_altar, nicolae_twisty_statue_hallways,
          grunt_megastairs_1
Snake:2:  layout_onion, basic_altar, nicolae_elevator_lobby_plus
Snake:3:  layout_gridlike, basic_altar, uniq_bai_suzhen, uniq_aizul,
          uniq_louise, uniq_mara
Orc:1:    layout_caves, basic_altar, serial_shops,
          nicolae_shop_pleasant_corner_grove, nicolae_orc_crystal_geode,
          uniq_fannar
Orc:2:    pf_orc_diabolical, layout_caves

Skill      XL: |  1  2  3  4  5  6  7  8  9 10 11 12 13 14 15 16 17 |
---------------+----------------------------------------------------+-----
Long Blades    | 4 5 7 9 10 11 | 11.3
Dodging        | 4 5 6 7 8 9 10 11 12 13 14 15 | 15.0
Short Blades   | 1 2 3 4 5 6 8 9 |  9.5
Fighting       | 4 5 7 8 9 10 11 12 13 14 | 14.3
Armour         | 2 3 5 6 |  6.5
Invocations    | 2 4 5 6 8 9 11 13 14 | 14.3
Throwing       | 1 3 |  3.0
Evocations     | 1 4 5 |  5.0
Shields        | 3 5 7 8 10 11 | 11.5
Stealth        | 3 4 |  4.1

Action                     |  1- 3 |  4- 6 |  7- 9 | 10-12 | 13-15 | 16-18 || total
---------------------------+-------+-------+-------+-------+-------+-------++-------
  Melee: Falchion          |    26 |       |       |       |    26 |       ||    52
         Kick              |    19 |    11 |    72 |   333 |   527 |   350 ||  1312
         Dagger            |    54 |    24 |   172 |   692 |   332 |       ||  1274
         Peck              |    11 |     5 |    46 |   217 |   337 |   237 ||   853
         Long sword        |       |       |       |       |   780 |   779 ||  1559
         Unarmed           |       |       |       |       |    14 |       ||    14
  Throw: Dart              |       |     1 |       |     2 |       |       ||     3
 Invoke: Upheaval          |       |       |       |     7 |     9 |     6 ||    22
         Elemental Force   |       |       |       |       |    11 |     2 ||    13
         Disaster Area     |       |       |       |       |       |     2 ||     2
  Evoke: Wand              |       |       |       |    15 |     6 |     3 ||    24
         Tin of tremorston |       |       |       |     1 |       |       ||     1
         Phantom mirror    |       |       |       |       |       |     1 ||     1
    Use: Scroll            |     8 |     6 |     9 |     9 |     3 |     2 ||    37
         Potion            |       |       |     2 |     2 |     8 |     6 ||    18
   Stab: Distracted        |       |       |     4 |    12 |    10 |       ||    26
         Held in net/web   |       |       |       |       |     1 |       ||     1
         Petrified         |       |       |       |       |    11 |       ||    11
         Invisible         |       |       |       |       |     8 |     1 ||     9
         Petrifying        |       |       |       |       |     1 |       ||     1
         Paralysed         |       |       |       |       |     1 |       ||     1
 Armour: Robe              |    13 |     1 |       |       |       |       ||    14
         Ring mail         |       |     1 |    42 |    68 |   123 |       ||   234
         Skin              |       |       |       |       |     1 |       ||     1
         Troll leather arm |       |       |       |       |     8 |    98 ||   106
  Dodge: Dodged            |    52 |    11 |   125 |   276 |   516 |   569 ||  1549
         Repelled          |       |       |       |     6 |     6 |     9 ||    21
  Block: Orb               |       |       |       |    29 |       |       ||    29
         Buckler           |       |       |       |   167 |       |       ||   167
         Reflection        |       |       |       |    19 |       |       ||    19
         Kite shield       |       |       |       |   108 |   963 |   975 ||  2046
         Other             |       |       |       |       |    15 |       ||    15

Table legend: (Time is in decaauts)
 A = Elapsed time spent in this place.
 B = Non-inter-level travel time spent in this place.
 C = Inter-level travel time spent in this place.
 D = Time resting spent in this place.
 E = Time spent auto-exploring this place.
 F = Levels seen in this place.
 G = Mean time per level.
                   A        B        C        D        E       F      G
               +--------+--------+--------+--------+--------+-----+--------+
         Total |  26459 |  25028 |   1431 |   2705 |  17098 |  28 |  945.0 |
       Dungeon |  13630 |  12595 |   1035 |   1423 |   8695 |  15 |  908.7 |
        Temple |     18 |     15 |      3 |      0 |      9 |   1 |   18.0 |
          Lair |   7342 |   7054 |    288 |    847 |   5018 |   5 | 1468.4 |
     Snake Pit |   2257 |   2241 |     16 |    120 |   1558 |   3 |  752.3 |
  Orcish Mines |   1729 |   1643 |     86 |    114 |    989 |   2 |  864.5 |
      Ice Cave |   1158 |   1158 |      0 |    200 |    669 |   1 | 1158.0 |
      Gauntlet |    324 |    324 |      0 |      0 |    157 |   1 |  324.0 |
               +--------+--------+--------+--------+--------+-----+--------+

Top non-repeatable levels by time:
  Lair:5: 2344 daAuts
    D:12: 1612 daAuts
  Lair:4: 1515 daAuts
  Lair:3: 1458 daAuts
    D:11: 1403 daAuts
  Lair:2: 1184 daAuts
 Snake:1: 1167 daAuts
    D:10: 1158 daAuts
   IceCv: 1158 daAuts
    D:13: 1104 daAuts
     D:6: 1086 daAuts
   Orc:2: 1085 daAuts
     D:5: 940 daAuts
     D:9: 925 daAuts
     D:8: 921 daAuts
